Map: King Sejong Station LE

Players

Nickos

  • Race: Terran Terran
  • League: Gold

Default - Winner!

  • Race: Terran Terran
  • League: Gold

VOD

Have the link to the VOD?

Description

Time

  • Played on: Sept. 17, 2016, 6:24 a.m.
  • Length: 8:13
Show
View Real Time Build Order
Export as new Build Order

Nickos Terran 

Build Orders:  

Get SALT Encoding   

  12  0:01  SCV  
  13  0:13  SCV  
  14  0:17  Supply Depot  
  14  0:25  SCV  
  15  0:39  SCV  
  15  0:40  Barracks  
  16  0:52  SCV  
  17  1:05  SCV  
  18  1:19  Command Center  
  18  1:23  SCV  
  19  1:27  Marine  
  20  1:34  Barracks  
  20  1:37  Orbital Command  
  20  1:50  Marine  
  21  1:56  Command Center  
  21  2:04  SCV  
  22  2:12  Barracks  
  22  2:18  Supply Depot  
  22  2:19  Supply Depot  
  22  2:22  SCV  
  23  2:33  Refinery  
  23  2:39  Refinery, SCV, Marine x2  
  26  2:51  SCV  
  26  2:57  Marine  
  28  3:01  Bunker  
  28  3:03  SCV  
  27  3:08  Marine x2  
  28  3:15  Marine  
  28  3:19  SCV  
  30  3:26  Marine x2  
  30  3:38  SCV  
  31  3:45  Barracks Tech Lab, Supply Depot  
  31  3:46  Barracks Reactor  
  30  3:55  SCV  
  31  4:05  Marauder  
  31  4:07  SCV  
  35  4:10  Barracks Reactor  
  34  4:20  Orbital Command  
  34  4:23  Supply Depot  
  34  4:26  Marauder  
  34  4:29  Barracks x2, SCV  
  34  4:30  Factory  
  36  4:50  Marine  
  36  4:51  Marine x4  
  39  5:02  SCV  
  39  5:03  SCV  
  41  5:10  Marine x3, Marauder  
  46  5:15  SCV x2  
  48  5:27  Barracks Reactor x2, SCV  
  49  5:33  Engineering Bay  
  49  5:34  Supply Depot  
  49  5:35  Engineering Bay, Marine  
  50  5:41  SCV  
  50  5:42  SCV  
  52  5:45  Stimpack  
  52  5:46  Factory Reactor  
  52  5:51  Refinery  
  52  5:54  SCV  
  52  5:56  SCV  
  52  5:57  Marine x2  
  54  5:58  Marine  
  56  6:04  Marine x2  
  56  6:05  Marine x2  
  56  6:06  SCV  
  56  6:10  SCV  
  62  6:18  SCV  
  63  6:20  Starport  
  63  6:22  SCV  
  64  6:27  Marine  
  64  6:29  Marine  
  64  6:30  SCV  
  67  6:32  Marine  
  67  6:34  SCV  
  67  6:38  Supply Depot  
  69  6:41  Supply Depot  
  69  6:42  Marine  
  69  6:44  Marine  
  69  6:45  Marine  
  72  6:56  SCV x2  
  72  7:00  Marine x4  
  78  7:08  Marine x4, SCV x2  
  81  7:11  Medivac  
  81  7:13  Medivac  
  88  7:16  Supply Depot  
  88  7:20  Supply Depot, SCV  
  88  7:21  Marine  
  88  7:22  Marine x2  
  91  7:28  Marine  
  91  7:29  Marine  
  94  7:38  Marine x4  
  94  7:39  Marine  
  94  7:40  Marine  
Show
View Real Time Build Order
Export as new Build Order

Default Terran - Winner!

Build Orders:  

Get SALT Encoding   

  12  0:01  SCV  
  13  0:13  SCV  
  14  0:17  Supply Depot  
  14  0:26  SCV  
  15  0:39  Barracks  
  15  0:41  SCV  
  16  0:51  Barracks  
  16  0:55  SCV  
  17  1:07  SCV  
  18  1:20  SCV  
  19  1:27  Refinery  
  19  1:28  Marine  
  19  1:32  Supply Depot  
  20  1:42  Marine  
  20  1:46  Marine  
  22  2:01  Marine  
  21  2:04  Command Center, Marine  
  23  2:14  Orbital Command  
  23  2:20  Marine  
  23  2:21  Marine  
  25  2:38  Marine  
  25  2:39  Marine  
  25  2:43  SCV  
  28  2:48  Factory  
  28  3:14  Marine  
  28  3:15  Marine  
  28  3:32  Marine  
  28  3:33  Marine  
  31  3:34  SCV  
  30  3:46  SCV  
  31  3:50  Barracks, Marine x2  
  31  3:52  Engineering Bay  
  31  3:54  Engineering Bay  
  33  3:56  Factory Tech Lab  
  33  3:58  SCV  
  33  3:59  Refinery  
  33  4:02  Starport  
  34  4:08  Orbital Command, Marine x2  
  36  4:11  SCV  
  37  4:24  Terran Infantry Weapons Level 1  
  30  5:06  Medivac  
  31  5:11  Refinery  
  31  5:12  SCV  
  31  5:13  Refinery, SCV  
  33  5:16  Supply Depot  
  33  5:21  Marine  
  33  5:22  Command Center, Marine  
  33  5:25  SCV x2  
  38  5:33  Barracks Tech Lab, Barracks  
  37  5:37  SCV x2  
  37  5:39  Liberator, Marine  
  37  5:40  Marine  
  41  5:46  Missile Turret  
  41  5:49  SCV  
  42  5:52  Missile Turret  
  45  5:58  Siege Tank  
  48  6:08  Marine x3  
  48  6:10  SCV x2  
  53  6:17  Terran Infantry Armor Level 1  
  53  6:22  SCV  
  54  6:26  Barracks Reactor  
  54  6:30  Supply Depot  
  54  6:32  Supply Depot  
  54  6:33  Marine x3  
  54  6:34  SCV  
  58  6:49  SCV x2  
  58  6:51  Marine x3  
  63  7:01  SCV  
  63  7:02  SCV  
  63  7:06  Missile Turret  
  65  7:13  SCV  
  65  7:14  SCV  
  67  7:16  Planetary Fortress  
  67  7:24  Barracks Tech Lab, Marine x2  
  67  7:25  Armory, Marine x2  
  67  7:27  Siege Tank  
  67  7:28  Starport Reactor  
  74  7:42  Marine x4  
  74  7:43  Marine  
Tags
 
Add a new tag
Caveats
  • Supply blocks, unpowered buildings, or Contaminate may cause inaccurate times.
  • Supply counts are checked every 10 seconds.